 Dungeon Crawl Stone Soup version 0.32-a0-656-g3542139ebd (webtiles) character file.

Game seed: 11851918157863679465

65487 cforsyth the Fighter (level 14, 0/133 HPs)
             Began as a Mountain Dwarf Necromancer on Mar 8, 2024.
             Was a High Priest of Kikubaaqudgha.
             Slain by a wyvern (12 damage)
             ... on level 4 of the Lair of Beasts.
             The game lasted 01:02:35 (22559 turns).

cforsyth the Fighter (Mountain Dwarf Necromancer)  Turns: 22559, Time: 01:02:36

Health: 0/133      AC: 11    Str: 14    XL:     14   Next: 75%
Magic:  23/23      EV: 10    Int: 18    God:    Kikubaaqudgha [*****.]
Gold:   1408       SH:  0    Dex: 10    Spells: 11/25 levels left

rFire   + . .        a - +6 broad axe (freeze)
rCold   x . .        (no shield)
rNeg    . . .        H - +0 swamp dragon scales
rPois   +            (no helmet)
rElec   .            P - +0 cloak
rCorr   .            O - +0 pair of gloves
SInv    .            B - +0 pair of boots
Will    +....        x - amulet of regeneration
Stlth   +            T - +4 ring of protection
HPRegen 1.22/turn    F - ring of fire
MPRegen 0.18/turn

%: no passive effects
@: corroded, studying Staves
A: runic magic, artefact enchanting
a: Renounce Religion, Unearth Wretches, Torment


You were on level 4 of the Lair of Beasts.
You worshipped Kikubaaqudgha.
Kikubaaqudgha was extremely pleased with you.
You visited 3 branches of the dungeon, and saw 18 of its levels.
You also visited: Ice Cave and Volcano.

You collected 1505 gold pieces.
You spent 97 gold pieces at shops.


Innate Abilities, Weirdness & Mutations

Your spellcasting is much less encumbered by armour.
You can use scrolls of enchantment on lesser artefacts.


   Skills:
 - Level 14.8 Fighting
 + Level 13.7 Axes
 + Level 12.6 Armour
 - Level 1.3 Dodging
 - Level 1.4 Stealth
 + Level 5.4 Shields
 + Level 6.2 Spellcasting
 - Level 13.2 Necromancy
 - Level 8.2 Earth Magic


You had 11 spell levels left.
You knew the following spells:

 Your Spells              Type           Power      Damage    Failure   Level
a - Animate Dead          Necr           52%        N/A       1%          4
b - Borgnjor's Vile Clut  Necr/Erth      22%        N/A       4%          5
n - Dispel Undead         Necr           52%        3d19      1%          4
X - Necrotise             Necr           100%       1d9       1%          1

Your spell library contained the following spells:

 Spells                   Type           Power      Damage    Failure   Level
 Sublimation of Blood     Necr           52%        N/A       1%          2
 Fugue of the Fallen      Necr           52%        N/A       1%          3
 Vampiric Draining        Necr           52%        2d9       1%          3
 Curse of Agony           Necr           52%        N/A       1%          5
 Cigotuvi's Dreadful Rot  Necr/Alch/Air  42%        N/A       3%          2
 Martyr's Knell           Necr/Summ      29%        N/A       9%          4
 Lee's Rapid Deconstruct  Erth           17%        3d11*     12%         5
 Foxfire                  Conj/Fire      32%        2x1d5     13%         1
 Jinxbite                 Hex            10%        N/A       21%         2
 Lesser Beckoning         Tloc           10%        N/A       21%         2
 Mercury Vapours          Alch/Air       10%        N/A       21%         2
 Animate Armour           Summ/Erth      40%        N/A       24%         4
 Leda's Liquefaction      Alch/Erth      10%        N/A       24%         4
 Gell's Gravitas          Tloc           5%         N/A       36%         3
 Mephitic Cloud           Conj/Alch/Air  5%         N/A       36%         3
 Teleport Other           Tloc           5%         N/A       36%         3
 Volatile Blastmotes      Fire/Tloc      16%        2d11      36%         3
 Fulminant Prism          Conj/Alch      2%         3d5       78%         4
 Iskenderun's Mystic Bla  Conj/Tloc      5%         2d3       78%         4
 Summon Lightning Spire   Summ/Air       5%         N/A       78%         4
 Freezing Cloud           Conj/Ice/Air   2%         6-21      98%         5
 Yara's Violent Unravell  Hex/Alch       2%         3d3       98%         5
 Bombard                  Conj/Erth      10%        9d2       98%         6
 Plasma Beam              Fire/Air       4%         2x1d14    100%        6
 Starburst                Conj/Fire      4%         6d3       100%        6
 Enfeeble                 Hex            2%         N/A       100%        7

Inventory:

Hand Weapons
 a - a +6 broad axe of freezing (weapon)
 l - the +8 dagger "Lasatiuj" {elec, rElec rPois rF+++ Int-4}
   (You found it on level 2 of the Dungeon)

   Int-4:     It affects your intelligence (-4).
   rF+++:     It renders you almost immune to fire.
   rElec:     It insulates you from electricity.
   rPois:     It protects you from poison.
 L - the +5 whip of Fragile Peace {chaos, rF+ rC+ Will+ Int+2}
   (You found it on level 10 of the Dungeon)

   Int+2:     It affects your intelligence (+2).
   rF+:       It protects you from fire.
   rC+:       It protects you from cold.
   Will+:     It increases your willpower.
 S - a +1 battleaxe of freezing
Armour
 m - the +7 ring mail of Vexation {Rampage rC+ Will- Dex+4}
   (You found it on level 3 of the Dungeon)

   Dex+4:     It affects your dexterity (+4).
   rC+:       It protects you from cold.
   Will-:     It decreases your willpower.
   Rampage:   It bestows one free step when moving towards enemies.
 B - a +0 pair of boots (worn)
 H - +0 swamp dragon scales (worn)
 O - a +0 pair of gloves (worn)
 P - a +0 cloak (worn)
 U - a +1 chain mail of cold resistance
Magical Staves
 o - a staff of conjuration {!a}
 y - a staff of earth {!a}
 M - a staff of cold {!a}
Jewellery
 x - an amulet of regeneration (around neck)
 C - a ring of protection from cold
 E - a +5 ring of evasion
 F - a ring of fire (right hand)
 N - a ring of positive energy
 R - a ring of resist corrosion
 T - a +4 ring of protection (left hand)
Wands
 p - a wand of charming (22)
 r - a wand of digging (9)
 u - a wand of light (1)
 Y - a wand of flame (8)
Scrolls
 d - 3 scrolls of fog
 e - 2 scrolls of noise
 g - a scroll of brand weapon
 i - 2 scrolls of torment
 j - 3 scrolls of teleportation {@r2}
 k - a scroll of silence {!r}
 q - 2 scrolls of blinking
 s - 3 scrolls of immolation
 t - a scroll of vulnerability
 v - a scroll of revelation
 G - a scroll of enchant armour
 I - a scroll of fear
 J - a scroll of poison
 W - a scroll of amnesia
Potions
 b - a potion of magic
 c - 4 potions of haste {@q3}
 f - a potion of resistance {unknown}
 n - 3 potions of curing {@q1}
 w - 2 potions of might
 z - 2 potions of heal wounds {unknown}
 A - 4 potions of invisibility {unknown}
 D - 3 potions of mutation
 K - 2 potions of attraction {unknown}
 Q - a potion of cancellation {unknown}
 V - a potion of lignification {unknown}
 X - a potion of degeneration {unknown}
 Z - a potion of berserk rage {unknown}
Miscellaneous
 h - a lightning rod (3/4)

Dungeon Overview and Level Annotations

Branches:
Dungeon (12/15)            Temple (1/1) D:7            Lair (5/5) D:10
 Shoals (0/4) Lair:2       Spider (0/4) Lair:2        Slime (0/5) Lair:4
    Orc (0/2) D:9           IceCv (visited)         Volcano (visited)

Altars:
Ashenzari
Cheibriados
Dithmenos
Elyvilon
Fedhas
Gozag
Hepliaklqana
Kikubaaqudgha
Makhleb
Nemelex Xobeh
Okawaru
Qazlal
Ru
Sif Muna
Trog
Uskayaw
Vehumet
Wu Jian
Xom
Yredelemnul
Zin
The Shining One
Beogh
Jiyva

Shops:
D:1 !   D:6 ?

Portals:
Abyss: Lair:3

Annotations:
Lair:3 2 transporters, runemasterragnar's ghost, journeyman OpSh
Lair:4 1 runed translucent door

.............................P#
..............................#
.............................##
.............................P#
.............................##
......<†............##.##.P..#
......†..#.P.#....########P..##
......##....##.k.###..####...P#
......###...#...@÷##....##....#
......##P..P#...†w##....P##..P#
.......#P........##P.Z..###..P#
.......##....#....##.#####...##
.......##..###...###..## ##..#
......P##### #.....#+#.###^..#
......##### ##...............##
.......##P###...<.............#
..^...........................#


You could see a tyrant leech and a wyvern.


Message History

The wyvern bites you!
* * * LOW HITPOINT WARNING * * *
The bullfrog closely misses you. The tyrant leech bites you!
* * * LOW HITPOINT WARNING * * *
The tyrant leech draws strength from your injuries!
Unknown command.
Unknown command.
Unknown command.
Unknown command.
Unknown command.
You hit the tyrant leech but do no damage.
The tyrant leech is lightly wounded.
You hit the wyvern but do no damage. You hit the bullfrog.
The bullfrog seems to slow down.
You freeze the bullfrog.
You kill the bullfrog!
Kikubaaqudgha accepts your kill. The wyvern completely misses you.
Unknown command.
Unknown command.
Unknown command.
You barely miss the tyrant leech.
The tyrant leech is lightly wounded.
You slash the wyvern! You freeze the wyvern. The wyvern bites you!
* * * LOW HITPOINT WARNING * * *
The tyrant leech bites you!!
* * * LOW HITPOINT WARNING * * *
The tyrant leech draws strength from your injuries!
The wyvern bites you!
You die...
Kikubaaqudgha rasps: You have failed me!
Welcome... death!

Skill      XL: |  1  2  3  4  5  6  7  8  9 10 11 12 13 14 |
---------------+-------------------------------------------+-----
Fighting       | 1 2 3 4 6 7 9 10 11 12 13 14 | 14.8
Necromancy     | 5 6 8 10 11 12 13 | 13.2
Axes           | 4 6 9 11 12 13 | 13.7
Armour         | 3 6 8 10 11 12 | 12.6
Earth Magic    | 2 6 8 |  8.2
Spellcasting   | 4 6 |  6.2
Shields        | 5 |  5.4
Dodging        | |  1.3
Stealth        | |  1.4

Action                     |  1- 3 |  4- 6 |  7- 9 | 10-12 | 13-15 || total
---------------------------+-------+-------+-------+-------+-------++-------
  Melee: Unarmed           |    59 |       |       |       |       ||    59
         Dagger            |       |   113 |   236 |   313 |       ||   662
         Club              |       |     6 |       |       |       ||     6
         Broad axe         |       |       |       |   344 |   558 ||   902
   Cast: Necrotise         |    79 |    46 |       |     4 |     3 ||   132
         Animate Dead      |       |       |     5 |    16 |    13 ||    34
         Borgnjor's Vile C |       |       |       |     8 |    32 ||    40
  Evoke: Wand              |       |       |     1 |    16 |    10 ||    27
         Lightning rod     |       |       |       |       |     2 ||     2
    Use: Scroll            |       |     6 |     3 |     8 |    13 ||    30
         Potion            |       |     1 |       |     2 |     2 ||     5
   Stab: Distracted        |       |     1 |       |     4 |     5 ||    10
         Sleeping          |       |     1 |       |       |       ||     1
         Invisible         |       |       |     2 |       |       ||     2
 Armour: Robe              |    49 |       |       |       |       ||    49
         Scale mail        |       |    43 |       |       |       ||    43
         Ring mail         |       |    46 |   164 |   337 |       ||   547
         Skin              |       |       |       |     1 |       ||     1
         Swamp dragon scal |       |       |       |   305 |   736 ||  1041
  Dodge: Dodged            |    58 |    71 |   219 |   588 |   356 ||  1292

Levels and vault maps discovered:
D:1:      matt_arrival_los_fun, layout_loops_ring, serial_shops,
          nicolae_shop_tiny_glass
D:2:      layout_rooms, basic_altar, minmay_nonomino_d4
D:3:      layout_loops_corners, hellmonk_sif_muna_bookshelves,
          marbit_many_paths, basic_ecumenical_altar,
          chequers_serial_rivers_marsh, uniq_sigmund, uniq_ijyb
D:4:      layout_loops_ring, pdpol_temple_overflow_zin_treasury_gozag_greed,
          lemuel_coloured_pillars_altar, uniq_duvessa, uniq_pikel
D:5:      layout_cave_pools, lemuel_doored_altar, serial_park_tiny_pond
D:6:      cheibrodos_quashed, layout_layer_cave, kennysheep_mini,
          nicolae_overflow_two_pavilions, serial_shops, shop_statue,
          chequers_serial_rivers_small_3
D:7:      layout_rooms, temple_doors_e, uniq_prince_ribbit1
D:8:      layout_basic, fedhas_ov_isle_minmay, nicolae_qazlal_general_emergency,
          hangedman_decor_riveting, onia_ninara_dug_in_and_dangerous,
          uniq_jeremiah, uniq_maggie
D:9:      layout_roguey, david_orc_5, uniq_psyche
D:10:     layout_gridville, erik_lair_island, minmay_diamond_spiral,
          uniq_harold, uniq_sonja, uniq_lodul
D:11:     layout_big_octagon
D:12:     layout_roguey, portal_ice_cave_entry_ice_simulacra,
          chequers_serial_rivers_micro_d, minmay_fire_ice_demons
Temple:   pf_slime_end_temple
Lair:1:   layout_regular_city, serial_bayou, serial_bayou_ford_a,
          serial_bayou_crossing, serial_bayou_pond_a, serial_bayou_pond_b,
          minmay_holes, minmay_stone_trees_large, uniq_nergalle
Lair:2:   layout_hall_layers, minmay_shoals_entry_beasts, dummy_spider_entry,
          nicolae_quartered_pool_super, uniq_amaemon
Lair:3:   cheibrodos_magma_flow, layout_loops_ring,
          gammafunk_ghost_abyssal_escape, gammafunk_lair_bear_cave,
          serial_bayou_shore_b
Lair:4:   layout_regular_city, slime_entry_2, nicolae_volcano_entry_two_sided
Lair:5:   minmay_lair_end_frog_pond, layout_misc_corridors

Notes
Turn   | Place    | Note
-------+----------+-------------------------------------------
     0 | D:1      | cforsyth the Mountain Dwarf Necromancer began the quest for
                  | the Orb.
     0 | D:1      | Reached XP level 1. HP: 14/14 MP: 3/3
   161 | D:1      | Reached skill level 1 in Fighting
   206 | D:1      | Reached XP level 2. HP: 23/23 MP: 2/4
   631 | D:1      | Found Etyashriv's Distillery.
   673 | D:1      | Reached skill level 2 in Fighting
   704 | D:1      | Reached XP level 3. HP: 29/29 MP: 2/5
   735 | D:1      | Reached skill level 5 in Necromancy
  1524 | D:2      | Found a glowing golden altar of the Shining One.
  1667 | D:1      | Reached XP level 4. HP: 16/37 MP: 0/6
  1874 | D:2      | Reached skill level 3 in Fighting
  2456 | D:2      | Identified the +8 dagger "Lasatiuj" {elec, rElec rPois
                  | rF+++ Int-4}
  2738 | D:3      | Found a shimmering blue altar of Sif Muna.
  2794 | D:3      | Found a faded altar of an unknown god.
  2838 | D:3      | Reached XP level 5. HP: 44/45 MP: 7/7
  2924 | D:3      | Found an ornate altar of the Wu Jian Council.
  2970 | D:3      | Noticed Sigmund
  2984 | D:3      | Killed Sigmund
  2985 | D:3      | Reached skill level 4 in Fighting
  2985 | D:3      | Reached skill level 6 in Necromancy
  2985 | D:3      | Reached XP level 6. HP: 6/53 MP: 8/8
  2985 | D:3      | HP: 5/53 [poisoned by Sigmund]
  3495 | D:3      | Identified the +7 ring mail of Vexation {Rampage rC+ Will-
                  | Dex+4}
  3638 | D:3      | Noticed Ijyb
  3644 | D:3      | Killed Ijyb
  3645 | D:3      | Reached skill level 5 in Fighting
  4219 | D:3      | Found a faded altar of an unknown god.
  4310 | D:3      | Found a shimmering blue altar of Sif Muna.
  4488 | D:3      | Found an ornate altar of the Wu Jian Council.
  4681 | D:3      | Found a faded altar of an unknown god.
  4819 | D:3      | Found an ornate altar of the Wu Jian Council.
  4929 | D:3      | Found a shimmering blue altar of Sif Muna.
  5521 | D:3      | Reached skill level 7 in Necromancy
  6145 | D:4      | Learned a level 4 spell: Animate Dead
  6214 | D:4      | Noticed Dowan
  6214 | D:4      | Noticed Duvessa
  6533 | D:4      | Noticed Pikel
  6564 | D:4      | Killed Pikel
  6565 | D:4      | Reached skill level 6 in Fighting
  6565 | D:4      | Reached skill level 8 in Necromancy
  6565 | D:4      | Reached XP level 7. HP: 64/64 MP: 9/9
  6598 | D:4      | Killed Duvessa
  6599 | D:4      | Reached skill level 7 in Fighting
  6599 | D:4      | Reached XP level 8. HP: 69/73 MP: 10/10
  6603 | D:4      | Killed Dowan
  6649 | D:4      | Found a glowing silver altar of Zin.
  6725 | D:4      | Found an opulent altar of Gozag.
  6808 | D:4      | Found a bloodstained altar of Trog.
  7155 | D:5      | Entered Level 5 of the Dungeon
  7199 | D:5      | Reached skill level 9 in Necromancy
  7258 | D:5      | Noticed a two-headed ogre
  7269 | D:5      | Killed a two-headed ogre
  7270 | D:5      | Reached skill level 8 in Fighting
  7270 | D:5      | Reached skill level 10 in Necromancy
  7520 | D:5      | Found a hide-covered altar of Uskayaw.
  7819 | D:6      | Reached skill level 9 in Fighting
  7880 | D:6      | Reached XP level 9. HP: 83/83 MP: 11/11
  8279 | D:6      | Found Jawetuide's Magic Scroll Shop.
  8291 | D:6      | Bought a scroll of revelation for 97 gold pieces
  8539 | D:6      | Found a basalt altar of Yredelemnul.
  8539 | D:6      | Found a sparkling altar of Nemelex Xobeh.
  8610 | D:6      | Found a sacrificial altar of Ru.
  8847 | D:7      | Reached skill level 1 in Axes
  8940 | D:7      | Reached skill level 1 in Armour
  8945 | D:7      | Reached skill level 10 in Fighting
  8947 | D:7      | Reached skill level 11 in Necromancy
  9036 | D:7      | Noticed Prince Ribbit
  9041 | D:7      | Reached skill level 2 in Axes
  9059 | D:7      | Killed Prince Ribbit
  9060 | D:7      | Reached skill level 2 in Armour
  9107 | D:7      | Reached skill level 3 in Axes
  9110 | D:7      | Reached skill level 3 in Armour
  9170 | D:7      | Found a staircase to the Ecumenical Temple.
  9191 | Temple   | Entered the Ecumenical Temple
  9210 | Temple   | Became a worshipper of Kikubaaqudgha
  9543 | D:8      | Noticed Maggie
  9559 | D:8      | Killed Maggie
  9560 | D:8      | Reached skill level 4 in Axes
  9560 | D:8      | Reached XP level 10. HP: 91/94 MP: 12/12
  9574 | D:8      | Noticed Jeremiah
  9894 | D:8      | Killed Jeremiah
  9982 | D:8      | Reached skill level 4 in Armour
 10115 | D:8      | Found a stormy altar of Qazlal.
 10171 | D:8      | Found a blossoming altar of Fedhas.
 10460 | D:8      | Noticed a cyclops
 10878 | D:9      | Reached skill level 5 in Axes
 10926 | D:9      | Reached skill level 11 in Fighting
 11049 | D:9      | Reached * piety under Kikubaaqudgha
 11049 | D:9      | Received a gift from Kikubaaqudgha
 11079 | D:9      | Reached skill level 5 in Armour
 11102 | D:9      | Found a roughly hewn altar of Beogh.
 11102 | D:9      | Found a staircase to the Orcish Mines.
 11116 | D:9      | Reached skill level 12 in Necromancy
 11299 | D:9      | Noticed Psyche
 11563 | D:9      | Reached ** piety under Kikubaaqudgha
 11564 | D:9      | Reached skill level 6 in Axes
 11670 | D:9      | Killed Psyche
 11885 | D:10     | Entered Level 10 of the Dungeon
 11960 | D:10     | Noticed Lodul
 12069 | D:10     | Reached skill level 6 in Armour
 12069 | D:10     | Reached XP level 11. HP: 78/102 MP: 9/13
 12093 | D:10     | Noticed Harold
 12138 | D:10     | Killed Harold
 12139 | D:10     | Reached skill level 7 in Axes
 12335 | D:10     | Found a staircase to the Lair.
 12445 | D:10     | Noticed an ogre mage
 12454 | D:10     | Noticed a deep elf pyromancer
 12524 | D:10     | Killed Lodul
 12528 | D:10     | Reached skill level 12 in Fighting
 12633 | D:10     | Paralysed by a hornet for 1 turns
 12643 | D:10     | Reached skill level 7 in Armour
 12732 | D:10     | Noticed Sonja
 12760 | D:10     | Noticed a two-headed ogre
 12767 | D:10     | Killed a two-headed ogre
 12767 | D:10     | Reached *** piety under Kikubaaqudgha
 12767 | D:10     | Received a gift from Kikubaaqudgha
 12779 | D:10     | Noticed a two-headed ogre
 12784 | D:10     | Killed a two-headed ogre
 12785 | D:10     | Reached skill level 8 in Axes
 12785 | D:10     | Reached skill level 13 in Necromancy
 12792 | D:10     | Killed Sonja
 12810 | D:10     | Killed a deep elf pyromancer
 13271 | D:10     | Killed an ogre mage
 13274 | D:10     | Identified the +5 whip of Fragile Peace {chaos, rF+ rC+
                  | Will+ Int+2}
 13338 | D:11     | Noticed a two-headed ogre
 13349 | D:11     | Killed a two-headed ogre
 13350 | D:11     | Reached skill level 8 in Armour
 13350 | D:11     | Reached skill level 1 in Earth Magic
 14042 | D:12     | Reached skill level 9 in Axes
 14069 | D:12     | Reached skill level 2 in Earth Magic
 14069 | D:12     | Reached XP level 12. HP: 108/113 MP: 14/14
 14102 | D:12     | Noticed an eight-headed hydra
 14200 | D:12     | Found a frozen archway.
 14229 | D:12     | Learned a level 5 spell: Borgnjor's Vile Clutch
 14236 | IceCv    | Entered an ice cave
 14265 | IceCv    | Noticed a death yak
 14269 | IceCv    | Reached skill level 3 in Earth Magic
 14280 | IceCv    | Killed a death yak
 14281 | IceCv    | Reached skill level 13 in Fighting
 14406 | IceCv    | Noticed a death yak
 14408 | IceCv    | Noticed a death yak
 14416 | IceCv    | Killed a death yak
 14417 | IceCv    | Reached skill level 9 in Armour
 14417 | IceCv    | Reached skill level 4 in Earth Magic
 14432 | IceCv    | Killed a death yak
 14433 | IceCv    | Reached skill level 10 in Axes
 14717 | IceCv    | Noticed a death yak
 14731 | IceCv    | Killed a death yak
 14731 | IceCv    | Reached **** piety under Kikubaaqudgha
 14839 | IceCv    | Noticed a death yak
 14846 | IceCv    | Noticed a death yak
 14855 | IceCv    | Killed a death yak
 14856 | IceCv    | Reached skill level 5 in Earth Magic
 14861 | IceCv    | Killed a death yak
 14963 | IceCv    | Noticed a frost giant
 14963 | IceCv    | Noticed a death yak
 15027 | IceCv    | Killed a death yak
 15031 | IceCv    | Killed a frost giant
 15034 | IceCv    | Reached skill level 10 in Armour
 15489 | D:12     | Reached skill level 11 in Axes
 15489 | D:12     | Reached skill level 6 in Earth Magic
 15497 | D:12     | Reached XP level 13. HP: 32/123 MP: 15/15
 15815 | D:12     | Reached skill level 14 in Fighting
 15815 | D:12     | Reached skill level 2 in Spellcasting
 15828 | D:12     | Learned a level 4 spell: Dispel Undead
 16485 | Lair:1   | Entered Level 1 of the Lair of Beasts
 16660 | Lair:1   | Noticed Nergalle
 16726 | Lair:1   | Killed Nergalle
 16800 | Lair:1   | Reached skill level 3 in Spellcasting
 16800 | Lair:1   | Reached skill level 7 in Earth Magic
 17740 | Lair:2   | Noticed Amaemon
 17764 | Lair:1   | Killed Amaemon
 17793 | Lair:2   | Reached skill level 11 in Armour
 17946 | Lair:2   | Reached skill level 12 in Axes
 18172 | Lair:2   | Reached skill level 4 in Spellcasting
 18201 | Lair:2   | Found a hole to the Spider Nest.
 18552 | Lair:2   | Found a staircase to the Shoals.
 18567 | Lair:2   | Reached skill level 8 in Earth Magic
 18568 | Lair:2   | Reached ***** piety under Kikubaaqudgha
 19243 | Lair:3   | Reached XP level 14. HP: 133/133 MP: 20/20
 19409 | Lair:3   | Reached skill level 1 in Shields
 19532 | Lair:3   | Reached skill level 2 in Shields
 19621 | Lair:3   | Found a transporter.
 19625 | Lair:3   | Found a one-way gate to the infinite horrors of the Abyss.
 19625 | Lair:3   | Noticed runemasterragnar's ghost (journeyman OpSh)
 19696 | Lair:3   | Found a transporter.
 20039 | Lair:3   | Reached skill level 5 in Spellcasting
 20147 | Lair:3   | Reached skill level 3 in Shields
 20154 | Lair:3   | Reached skill level 13 in Axes
 20247 | Lair:4   | Noticed an azure jelly
 20247 | Lair:4   | Found a runed translucent door.
 20257 | Lair:4   | Found a staircase to the Slime Pits.
 20257 | Lair:4   | Noticed an azure jelly
 20274 | Lair:4   | Found a dark tunnel.
 20306 | Volcano  | Entered a volcano
 20334 | Volcano  | Reached skill level 12 in Armour
 20533 | Volcano  | Reached skill level 4 in Shields
 21603 | Lair:5   | Entered Level 5 of the Lair of Beasts
 21987 | Lair:5   | Upgraded the game from 0.32-a0-643-ga006e7742e to
                  | 0.32-a0-656-g3542139ebd
 22008 | Lair:4   | Reached skill level 5 in Shields
 22075 | Lair:5   | Reached skill level 6 in Spellcasting
 22559 | Lair:4   | HP: 12/133 [tyrant leech (25)]
 22559 | Lair:4   | Slain by a wyvern

Vanquished Creatures
  A frost giant (IceCv)
  Harold (D:10)
  3 hydras
  An ogre mage (D:10)
  A boulder beetle (D:12)
  10 death yaks
  4 two-headed ogres
  A hell knight (Volcano)
  Sonja (D:10)
  Nergalle (Lair:1)
  Amaemon (Lair:1)
  A salamander mystic (Volcano)
  Lodul (D:10)
  Pikel (D:4)
  6 salamanders (Volcano)
  A deep elf pyromancer (D:10)
  4 elephants (Lair:4)
  3 cyclopes
  3 manticores
  2 molten gargoyles (Lair:3)
  A smoke demon (D:12)
  An ice statue (IceCv)
  13 cane toads
  Maggie (D:8)
  A torpor snail (Lair:3)
  A black mamba (Lair:4)
  Jeremiah (D:8)
  6 komodo dragons
  An orange demon (Lair:2)
  7 rime drakes
  An ice devil (D:12)
  A troll (D:10)
  4 polar bears
  A hornet (D:10)
  10 blink frogs
  8 dream sheep
  Sigmund (D:3)
  6 slime creatures (D:12)
  A vampire (D:9)
  4 wyverns
  47 yaks
  4 basilisks
  3 steam dragons
  12 vampire mosquitoes
  Duvessa (D:4)
  6 water moccasins
  4 ice beasts
  5 orc warriors (D:9)
  2 black bears
  A sky beast (D:8)
  7 ogres (D:10)
  5 centaurs
  14 wolves
  2 lemures
  2 phantoms
  A kobold brigand (D:9)
  A brain worm (shapeshifter) (D:10)
  14 bullfrogs
  A gnoll sergeant (D:6)
  A scorpion (D:6)
  3 wights (D:7)
  Dowan (D:4)
  3 killer bees (D:7)
  5 electric eels
  3 howler monkeys
  5 lava snakes (Lair:3)
  4 crimson imps (D:12)
  5 orc priests
  8 hounds
  2 jellies
  A gnoll bouda (D:3)
  A sleepcap (D:8)
  9 orc wizards
  4 iguanas
  Ijyb (D:3)
  12 gnolls
  4 adders
  4 white imps (D:12)
  2 ufetubi (D:7)
  4 ribbon worms
  2 dart slugs
  35 orcs
  7 ball pythons
  3 bats
  2 endoplasms
  2 giant cockroaches
  9 hobgoblins
  12 jackals
  16 kobolds
  A quokka (D:2)
  7 frilled lizards
  9 goblins
  8 rats
444 creatures vanquished.

Vanquished Creatures (collateral kills)
  4 death yaks
  A two-headed ogre (D:10)
  A cane toad (Lair:1)
  An elephant (Lair:4)
  4 rime drakes
  A troll (D:12)
  Psyche (D:9)
  3 polar bears
  Prince Ribbit (D:7)
  2 blink frogs (Lair:2)
  3 dream sheep (Lair:4)
  13 yaks
  A wyvern (D:11)
  2 vampire mosquitoes
  A death yak simulacrum (D:12)
  An acid dragon (D:10)
  2 water moccasins
  An orc warrior (D:9)
  2 ogres (D:10)
  3 wolves
  4 centaurs (D:11)
  2 two-headed ogre simulacra (D:12)
  An electric eel (Lair:2)
  A howler monkey (D:10)
  A jelly (D:8)
  An orc priest (D:9)
  An orc wizard (D:9)
  2 polar bear simulacra (D:12)
  A spriggan simulacrum (D:12)
  A wolf simulacrum (D:12)
  An adder (D:5)
  A naga simulacrum (D:12)
  A jackal (D:1)
  2 ball pythons (D:2)
  A frilled lizard (D:2)
  A kobold (D:9)
  A rat (D:1)
71 creatures vanquished.

Vanquished Creatures (others)
  3 death yak zombies
  A vampire mosquito (Lair:5)
  A cane toad zombie (Lair:3)
  A water moccasin (Lair:1)
  An elephant zombie (Lair:4)
  3 blink frog zombies (Lair:1)
  2 polar bear zombies (IceCv)
  14 yak zombies
  2 troll zombies
  3 wolf zombies (IceCv)
  3 bullfrog zombies
  2 basilisk zombies
  A hound (D:6)
  An ice beast zombie (D:6)
  2 ogre zombies (D:10)
  2 hound zombies (D:10)
  A gnoll zombie (D:6)
  8 orc zombies
51 creatures vanquished.

Grand Total: 566 creatures vanquished

Table legend: (Time is in decaauts)
 A = Elapsed time spent in this place.
 B = Non-inter-level travel time spent in this place.
 C = Inter-level travel time spent in this place.
 D = Time resting spent in this place.
 E = Time spent auto-exploring this place.
 F = Levels seen in this place.
 G = Mean time per level.
                   A        B        C        D        E       F      G
               +--------+--------+--------+--------+--------+-----+--------+
         Total |  22642 |  21885 |    757 |   3009 |  13333 |  20 | 1132.1 |
       Dungeon |  15390 |  14740 |    650 |   1838 |   9466 |  12 | 1282.5 |
        Temple |     38 |      1 |     37 |      0 |      0 |   1 |   38.0 |
          Lair |   5676 |   5606 |     70 |    825 |   3251 |   5 | 1135.2 |
      Ice Cave |   1126 |   1126 |      0 |    264 |    441 |   1 | 1126.0 |
       Volcano |    410 |    410 |      0 |     82 |    174 |   1 |  410.0 |
               +--------+--------+--------+--------+--------+-----+--------+

Top non-repeatable levels by time:
     D:3: 3303 daAuts
  Lair:4: 1476 daAuts
  Lair:3: 1445 daAuts
  Lair:2: 1417 daAuts
     D:1: 1364 daAuts
     D:8: 1318 daAuts
     D:4: 1316 daAuts
     D:9: 1304 daAuts
    D:12: 1261 daAuts
  Lair:1: 1244 daAuts
    D:10: 1237 daAuts
     D:2: 1182 daAuts
   IceCv: 1126 daAuts
     D:6: 1079 daAuts
    D:11: 758 daAuts

Table legend:
 A = Non-vault XP
 B = Vault XP
 C = Vault XP percentage of total XP
 D = Non-vault monster count
 E = Vault monster count
 F = Vault count percentage of total count
                 A         B        C        D         E       F
            +---------+---------+-------+---------+---------+-------
      Total |   54212 |   39342 |  42.1 |     360 |     154 |  30.0
            +---------+---------+-------+---------+---------+-------
        D:1 |      75 |       0 |   0.0 |      38 |       0 |   0.0
        D:2 |     104 |       6 |   5.5 |      24 |       4 |  14.3
        D:3 |     120 |     275 |  69.6 |      15 |       3 |  16.7
        D:4 |     207 |     804 |  79.5 |      19 |       3 |  13.6
        D:5 |    1041 |       0 |   0.0 |       8 |       0 |   0.0
        D:6 |    1197 |       0 |   0.0 |      16 |       0 |   0.0
        D:7 |    1393 |     259 |  15.7 |      19 |       1 |   5.0
        D:8 |     963 |     828 |  46.2 |      11 |       2 |  15.4
        D:9 |    3025 |    1090 |  26.5 |      46 |      21 |  31.3
       D:10 |    2473 |    5749 |  69.9 |      10 |      22 |  68.8
       D:11 |    1482 |       0 |   0.0 |       6 |       0 |   0.0
       D:12 |    6885 |    1520 |  18.1 |      19 |      18 |  48.6
     Lair:1 |    6565 |    2818 |  30.0 |      33 |       5 |  13.2
     Lair:2 |    7640 |    1415 |  15.6 |      35 |       3 |   7.9
     Lair:3 |   14460 |    1995 |  12.1 |      39 |      11 |  22.0
     Lair:4 |    6395 |    2993 |  31.9 |      21 |      12 |  36.4
     Lair:5 |     187 |    1175 |  86.3 |       1 |       5 |  83.3
      IceCv |       0 |   13661 | 100.0 |       0 |      36 | 100.0
    Volcano |       0 |    4754 | 100.0 |       0 |       8 | 100.0
            +---------+---------+-------+---------+---------+-------
